 Dungeon Crawl Stone Soup version 0.22-a0-825-ga28c36f (webtiles) character file.

992 riteheju the Sneak (level 7, -3/79 HPs)
             Began as a Demonspawn Assassin on July 24, 2018.
             Slain by a scorpion (6 damage)
             ... in an ossuary.
             The game lasted 00:26:31 (7877 turns).

riteheju the Sneak (Demonspawn Assassin)            Turns: 7877, Time: 00:26:32

Health: -3/79      AC: 23    Str: 22    XL:     7   Next: 98%
Magic:  1/7        EV:  2    Int: 12    God:
Gold:   281        SH:  0    Dex: 17    Spells: 6/6 levels left

rFire    + . .     SeeInvis .   a - +2 dagger
rCold    + . .     Gourm    .   (no shield)
rNeg     + + +     Faith    .   (armour currently unavailable)
rPois    +         Spirit   .   (helmet currently unavailable)
rElec    +         Reflect  .   (cloak currently unavailable)
rCorr    +         Harm     .   (gloves currently unavailable)
MR       .....     NoTele   +   (boots currently unavailable)
Stlth    +++.......             (no amulet)
HPRegen  0.23/turn              x - +6 ring of strength
MPRegen  0.10/turn              (no ring)

@: mighty, lethally poisoned (-3 -> -19), tree-form, resistant, hasted, very
quick
A: no striking features
a: no special abilities


You were in an ossuary.
You were not hungry.
You were a tree.
You visited 1 branch of the dungeon, and saw 4 of its levels.
You also visited: Ossuary.

You collected 281 gold pieces.

Inventory:

Hand Weapons
 a - a +2 dagger (weapon)
 b - a +0 blowgun
 l - a +0 dagger of venom
Missiles
 f - 5 poisoned needles
 i - a curare-tipped needle
Armour
 c - a +0 robe (melded)
 d - a +0 cloak
 q - a +0 pair of gloves (melded)
 y - a scarf of spirit shield (melded)
Jewellery
 u - a cursed ring of protection from magic
 x - a +6 ring of strength (left branch)
 B - a +6 amulet of reflection {unknown}
Scrolls
 k - a scroll of teleportation {unknown}
 m - a scroll of enchant weapon {unknown}
 n - a scroll of random uselessness {unknown}
 o - 4 scrolls of remove curse {unknown}
 s - a scroll of amnesia {unknown}
 A - 3 scrolls of identify
 C - a scroll of magic mapping {unknown}
Potions
 e - 2 potions of magic
 h - 2 potions of cancellation
 p - a potion of brilliance
 r - a potion of invisibility
 t - 2 potions of flight
 z - a potion of haste


   Skills:
 + Level 3.9 Fighting
 + Level 3.9 Short Blades
 + Level 3.8 Throwing
 + Level 3.5 Dodging
 * Level 6.3 Stealth


You had 6 spell levels left.
You didn't know any spells.
Your spell library was empty.

Dungeon Overview and Level Annotations

Branches:
Dungeon (4/15)
 Temple: D:4-7

Altars:
Ashenzari
Ru
Uskayaw
Wu Jian
The Shining One


Innate Abilities, Weirdness & Mutations

((You have a pair of small antennae on your head.))
((You have sharp fingernails.))
((Your flesh is cold resistant. (rC+)))


Message History

The scorpion stings you. The scorpion stings you!
* * * LOW HITPOINT WARNING * * *
* * * LOW HITPOINT WARNING * * *
You feel sick. The scorpion closely misses you.
There is an open door, spattered with blood here.
It was a potion of lignification.
You turn into a tree.
Your scarf of spirit shield melds into your body.
Your +0 pair of gloves melds into your body.
Your +0 robe melds into your body.
You feel strangely alone.
Your roots penetrate the ground.
* * * LOW HITPOINT WARNING * * *
You feel sick. The scorpion stings you.
* * * LOW HITPOINT WARNING * * *
The scorpion stings you.
* * * LOW HITPOINT WARNING * * *
It was a potion of might.
You feel very mighty all of a sudden.
* * * LOW HITPOINT WARNING * * *
You feel sick. The scorpion stings you.
You die...

##'#######'###########'
#...#...#...#.....#..s.
#...8...#...'.....#....
#.......#...#.....8....
##8...8######..........
#.......#...#..........
#...8...#...###8.....8#
#...#...#...#..........
######♣###'##..........
#...#sss#...#.....8....
#.∩.'.∩.#...'.....#....
#...#...#...#.....#....
#######################


You could see 3 scorpions.

Vanquished Creatures
  Sigmund (D:2)
  An orc warrior (D:1)
  6 scorpions (Ossuary)
  A centaur zombie (Ossuary)
  2 human zombies (Ossuary)
  2 orc priests
  An iguana (D:4)
  An orc wizard (D:4)
  A worker ant (D:4)
  A big kobold zombie (Ossuary)
  3 mummies (Ossuary)
  A gnoll (D:1)
  2 adders (D:4)
  6 scorpion zombies (Ossuary)
  2 oozes
  4 dart slugs
  A leopard gecko (D:4)
  14 orcs
  9 bats
  A giant cockroach (D:1)
  4 hobgoblins
  5 jackals
  A quokka (D:2)
  4 frilled lizards
  4 goblins
  2 goblin zombies (Ossuary)
  A hobgoblin zombie (Ossuary)
  7 kobolds
  A kobold zombie (Ossuary)
  2 orc zombies (Ossuary)
  10 rats
101 creatures vanquished.

Vanquished Creatures (others)
  A human zombie (Ossuary)
  A gnoll zombie (Ossuary)
  A goblin zombie (Ossuary)
  2 hobgoblin zombies (Ossuary)
5 creatures vanquished.

Grand Total: 106 creatures vanquished

Notes
Turn   | Place    | Note
-------+----------+-------------------------------------------
     0 | D:1      | riteheju the Demonspawn Assassin began the quest for the Orb.
     0 | D:1      | Reached XP level 1. HP: 16/16 MP: 1/1
   187 | D:1      | Found a shattered altar of Ashenzari.
   369 | D:1      | Reached skill level 4 in Stealth
   453 | D:1      | Gained mutation: Your flesh is cold resistant. (rC+) [demonic ancestry]
   453 | D:1      | Reached XP level 2. HP: 22/22 MP: 2/2
   787 | D:1      | Gained mutation: You have a pair of small antennae on your head. [demonic ancestry]
   787 | D:1      | Reached XP level 3. HP: 27/27 MP: 3/3
  1061 | D:2      | Noticed an orc warrior
  1126 | D:2      | Found a hide-covered altar of Uskayaw.
  1247 | D:2      | Reached skill level 1 in Dodging
  1513 | D:1      | Killed an orc warrior
  1513 | D:1      | Reached skill level 5 in Stealth
  1513 | D:1      | Reached XP level 4. HP: 8/33 MP: 4/4
  1835 | D:1      | Reached XP level 5. HP: 30/38 MP: 5/5
  2104 | D:2      | Noticed Sigmund
  2187 | D:2      | Found a glowing golden altar of the Shining One.
  2257 | D:2      | Killed Sigmund
  2257 | D:2      | Gained mutation: You have sharp fingernails. [demonic ancestry]
  2257 | D:2      | Reached XP level 6. HP: 7/46 MP: 6/6
  3077 | D:3      | Found an ornate altar of the Wu Jian Council.
  3247 | D:3      | Found a sacrificial altar of Ru.
  4087 | D:4      | Found a sand-covered staircase.
  4096 | Ossuary  | Entered an ossuary
  4420 | Ossuary  | Reached XP level 7. HP: 45/52 MP: 7/7
  6438 | Ossuary  | Reached skill level 6 in Stealth
  7872 | Ossuary  | HP: 2/53 [scorpion (1)]
  7877 | Ossuary  | HP: 3/79 [poisoned by a scorpion]
  7877 | Ossuary  | Slain by a scorpion

Vault maps used:
D:1:      dpeg_arrival_prison, serial_glass, glass_columns_c, glass_columns_a,
          serial_park_tiny_pond, nicolae_ashenzari_panopticon
D:2:      nicolae_overflow_crystal_walls, lemuel_doored_altar, uniq_sigmund
D:3:      nicolae_overflow_hidden_temple, lemuel_crystal_altar,
          nicolae_ru_sacrificial_ziggurat
D:4:      marbit_many_paths, enter_ossuary_1, ebering_ghost_reflecting_pool,
          first_ration
Ossuary:  ossuary_minmay_scorpions

Skill      XL: |  1  2  3  4  5  6  7 |
---------------+----------------------+-----
Stealth        | 4 5 6 |  6.3
Short Blades   | 2 3 |  3.9
Throwing       | 2 3 |  3.8
Dodging        | 1 2 3 |  3.5
Fighting       | 3 |  3.9

Action                   |  1- 3 |  4- 6 |  7- 9 || total
-------------------------+-------+-------+-------++-------
Melee: Dagger            |    58 |   226 |   426 ||   710
 Fire: Blowgun           |    12 |    19 |     2 ||    33
  Use: Scroll            |     7 |     3 |     1 ||    11
       Potion            |       |     1 |     6 ||     7
 Stab: Sleeping          |    12 |     3 |       ||    15
       Distracted        |       |     1 |       ||     1
  Eat: Chunk             |     1 |     6 |       ||     7
       Ration            |       |     1 |     4 ||     5
Armor: Robe              |    16 |    35 |    24 ||    75
Dodge: Dodged            |    23 |   118 |   172 ||   313

Table legend:
 A = Spawn XP
 B = Non-spawn XP
 C = Spawn XP percentage of total XP
 D = Spawn monster count
 E = Non-spawn monster count
 F = Spawn count percentage of total count
 G = Total turns spent on level
                    A         B        C        D         E        F      G
               +---------+---------+-------+---------+---------+-------+---------
         Total |       0 |    1418 |   0.0 |       0 |     102 |   0.0 |  7877
               +---------+---------+-------+---------+---------+-------+---------
           D:1 |       0 |     183 |   0.0 |       0 |      26 |   0.0 |  1787
           D:2 |       0 |     278 |   0.0 |       0 |      14 |   0.0 |   915
           D:3 |       0 |      53 |   0.0 |       0 |      23 |   0.0 |   899
           D:4 |       0 |     192 |   0.0 |       0 |      13 |   0.0 |   495
       Ossuary |       0 |     712 |   0.0 |       0 |      26 |   0.0 |  3781
               +---------+---------+-------+---------+---------+-------+---------
